 Dungeon Crawl Stone Soup version 0.30-a0-1043-g60ff8d5f49 (webtiles) character file.

Game seed: 8298488843517420782

3046 Elsrick the Cleaver (level 9, -3/85 HPs)
             Began as a Hill Orc Reaver on Apr 11, 2023.
             Slain by a komodo dragon (21 damage)
             ... on level 8 of the Dungeon.
             The game lasted 00:26:32 (6013 turns).

Elsrick the Cleaver (Hill Orc Reaver)               Turns: 6013, Time: 00:26:32

Health: -3/85      AC:  3    Str: 17    XL:     9   Next: 87%
Magic:  11/11      EV: 17    Int: 15    God:
Gold:   607        SH:  0    Dex:  9    Spells: 10/11 levels left

rFire   . . .      SeeInvis .    I - +4 battleaxe
rCold   + . .      Faith    .    (shield currently unavailable)
rNeg    . . .      Spirit   .    r - +0 leather armour of Xodun {rC+ Regen+}
rPois   .          Reflect  .    (no helmet)
rElec   .          Rampage  .    (no cloak)
rCorr   .                        (no gloves)
Will    .....                    (no boots)
Stlth   +                        (no amulet)
HPRegen 1.14/turn                d - +5 ring of evasion
MPRegen 0.12/turn                (no ring)

@: studying Fighting
A: no striking features
a: no special abilities


You were on level 8 of the Dungeon.
You visited 2 branches of the dungeon, and saw 9 of its levels.

You collected 607 gold pieces.

Inventory:

Hand Weapons
 b - a +5 dire flail
 p - a +2 war axe
 I - a +4 battleaxe (weapon)
Armour
 r - the +0 leather armour of Xodun (worn) {rC+ Regen+}
   (You found it on level 2 of the Dungeon)

   rC:        It protects you from cold.
   Regen:     It increases your rate of health regeneration.
 w - a +3 ring mail
Magical Staves
 m - a staff of death
 A - a staff of cold
Jewellery
 d - a +5 ring of evasion (left hand)
 i - an amulet of faith
 l - a ring of magical power
 y - a ring of fire
Wands
 s - a wand of quicksilver (5)
 D - a wand of roots (10)
 F - a wand of digging (3)
 H - a wand of charming (6)
Scrolls
 c - 2 scrolls of fear
 e - 5 scrolls of teleportation
 f - a scroll of enchant weapon
 o - 2 scrolls of fog
 q - 3 scrolls of enchant armour
 t - 2 scrolls of noise
 v - a scroll of poison
 x - 2 scrolls of magic mapping
 B - a scroll of silence
 C - a scroll of immolation
 E - 2 scrolls of vulnerability
 G - a scroll of blinking {unknown}
Potions
 a - 2 potions of flight
 g - a potion of resistance {unknown}
 h - a potion of haste
 j - 2 potions of attraction
 k - 6 potions of curing
 n - a potion of brilliance {unknown}
 u - 2 potions of magic
 z - a potion of lignification {unknown}


   Skills:
 + Level 9.9 Fighting
 + Level 12.5 Axes
 + Level 4.7 Armour
 + Level 4.8 Dodging
 + Level 1.0 Stealth
 + Level 1.6 Spellcasting
 + Level 3.4 Conjurations
 + Level 1.2 Evocations


You had 10 spell levels left.
You knew the following spells:

 Your Spells              Type           Power      Damage    Failure   Level
a - Kiss of Death         Conj/Necr      24%        2d7       14%         1

Your spell library contained the following spells:

 Spells                   Type           Power      Damage    Failure   Level
 Momentum Strike          Conj/Tloc      12%        3d8       21%         2
 Static Discharge         Conj/Air       12%        2-3/arc   21%         2
 Dazzling Flash           Conj/Hex       12%        N/A       38%         3
 Hailstorm                Conj/Ice       6%         3d4       38%         3
 Inner Flame              Hex/Fire       1%         N/A       63%         3
 Volatile Blastmotes      Fire/Tloc      2%         2d10      63%         3
 Iskenderun's Mystic Bla  Conj/Tloc      6%         2d4       80%         4
 Airstrike                Air            0%         2d(1-17)  95%         4
 Animate Armour           Summ/Erth      2%         N/A       95%         4
 Summon Lightning Spire   Summ/Air       1%         N/A       95%         4
 Blade Hands              Tmut           0%         N/A       100%        5
 Yara's Violent Unravell  Hex/Tmut       0%         3d3       100%        5
 Iron Shot                Conj/Erth      3%         9d2       100%        6
 Starburst                Conj/Fire      3%         6d3       100%        6
 Enfeeble                 Hex            0%         N/A       100%        7


Dungeon Overview and Level Annotations

Branches:
Dungeon (8/15)             Temple (1/1) D:5            Lair (0/5) D:8

Altars:
Ashenzari
Cheibriados
Dithmenos
Elyvilon
Fedhas
Gozag
Hepliaklqana
Kikubaaqudgha
Makhleb
Nemelex Xobeh
Okawaru
Qazlal
Ru
Sif Muna
Trog
Uskayaw
Vehumet
Xom
Yredelemnul
Zin
The Shining One

Annotations:
D:3 3 runed translucent doors, cheesebisquit's ghost, weakling GrEE
D:8 Psyche


Message History

The komodo dragon barely misses you.
You closely miss the komodo dragon.
The komodo dragon is almost dead.
Psyche gestures wildly while chanting.
A swirling arc of seething chaos appears!
The arc of chaos arcs out of your line of sight!
Psyche gestures wildly while chanting.
Psyche flickers and vanishes!
Deactivating autopickup; reactivate with Ctrl-A.
The komodo dragon bites you!
The komodo dragon attacks as you move away!
The komodo dragon completely misses you.
You hear some strange, mumbled words.
A swirling arc of seething chaos appears!
The arc of chaos arcs out of your line of sight!
An arc of chaos appears from out of thin air!
You slash the komodo dragon!
The komodo dragon is almost dead.
The komodo dragon misses you.
The komodo dragon attacks as you move away!
The komodo dragon bites you but does no damage.
You hear some strange, mumbled words.
A swirling arc of seething chaos appears!
An arc of chaos appears from out of thin air!
The arc of chaos hits the komodo dragon but does no damage.
The arc of chaos hits you.
You are poisoned.
The komodo dragon attacks as you move away!
The komodo dragon bites you!
You feel sick.
You hit the komodo dragon but do no damage.
The komodo dragon is almost dead.
You feel sick. The komodo dragon bites you!!
You barely miss the komodo dragon.
The komodo dragon is almost dead.
You feel sick.
You are no longer poisoned.
The komodo dragon bites you!!
* * * LOW HITPOINT WARNING * * *
You feel better. The komodo dragon bites you!!
You die...

..#
#...^........###........
..##
##............##.###.....
...# #.............#)##
#..... ..##
#.............)## #....#
P...# #..............##
#.<..#
.....####.............#
#...##
.......####...........#
##...# PP......#
####.##..#### #....#
PPP.P.#..# ###@### #...##


PPPPP# #..####.l## #...# #.##..## #...# ##...## #...# ##..# #..## ##.# ### ###
You could see a komodo dragon.

Vanquished Creatures
  Joseph (D:7)
  A yak (D:5)
  2 wyverns
  A water moccasin (D:6)
  3 ice beasts
  2 sky beasts (D:7)
  An ogre (D:5)
  2 centaurs (D:6)
  2 phantoms (D:6)
  A kobold brigand (D:7)
  A scorpion (D:5)
  A bullfrog (D:8)
  A gnoll sergeant (D:7)
  8 wights
  4 howler monkeys (D:7)
  5 hounds
  A jelly (D:7)
  A sleepcap (D:5)
  Ijyb (D:4)
  4 iguanas
  An orc wizard (D:6)
  4 gnolls (D:7)
  7 adders
  An ufetubus (D:6)
  3 worms
  4 dart slugs
  16 orcs
  4 endoplasms
  7 goblins
  7 hobgoblins
  3 jackals (D:3)
  15 kobolds
  8 quokkas
  4 ball pythons
  A bat (D:2)
  2 frilled lizards
130 creatures vanquished.

Vanquished Creatures (others)
  32 plants
32 creatures vanquished.

Grand Total: 162 creatures vanquished

Notes
Turn   | Place    | Note
-------+----------+-------------------------------------------
     0 | D:1      | Elsrick the Hill Orc Reaver began the quest for the Orb.
     0 | D:1      | Reached XP level 1. HP: 18/18 MP: 3/3
   147 | D:1      | Reached XP level 2. HP: 25/25 MP: 4/4
   588 | D:1      | Found a faded altar of an unknown god.
  1018 | D:2      | Reached XP level 3. HP: 27/30 MP: 5/5
  1284 | D:2      | Reached skill level 5 in Axes
  1296 | D:2      | Identified the +0 leather armour of Xodun {rC+ Regen+}
  1398 | D:2      | Reached skill level 1 in Armour
  1748 | D:3      | Found a runed translucent gate.
  1748 | D:3      | Noticed a phantom
  1749 | D:3      | Found a runed translucent gate.
  1762 | D:3      | Noticed cheesebisquit's ghost (weakling GrEE)
  1773 | D:3      | Found a runed translucent gate.
  1933 | D:3      | Reached XP level 4. HP: 37/37 MP: 6/6
  2574 | D:4      | Noticed Ijyb
  2584 | D:4      | Killed Ijyb
  2585 | D:4      | Reached XP level 5. HP: 13/42 MP: 7/7
  2814 | D:4      | Found an opulent altar of Gozag.
  2814 | D:4      | Found a white marble altar of Elyvilon.
  2815 | D:4      | Found a sacrificial altar of Ru.
  2815 | D:4      | Found a radiant altar of Vehumet.
  2931 | D:5      | Entered Level 5 of the Dungeon
  2956 | D:5      | Found a shadowy altar of Dithmenos.
  2969 | D:5      | Reached skill level 6 in Axes
  3081 | D:5      | Found a snail-covered altar of Cheibriados.
  3242 | D:5      | Reached XP level 6. HP: 40/51 MP: 8/8
  3255 | D:5      | Noticed a yak
  3275 | D:5      | Killed a yak
  3276 | D:5      | Reached skill level 7 in Axes
  3350 | D:5      | Reached XP level 7. HP: 51/58 MP: 9/9
  3402 | D:5      | Noticed a wyvern
  3424 | D:5      | Killed a wyvern
  3425 | D:5      | Reached skill level 8 in Axes
  3620 | D:5      | Found a staircase to the Ecumenical Temple.
  3629 | Temple   | Entered the Ecumenical Temple
  4177 | D:6      | Reached skill level 5 in Fighting
  4272 | D:6      | Reached XP level 8. HP: 53/68 MP: 10/10
  4347 | D:6      | Found a glowing silver altar of Zin.
  4369 | D:6      | Reached skill level 9 in Axes
  4571 | D:6      | Found a blossoming altar of Fedhas.
  4787 | D:7      | Reached skill level 10 in Axes
  5024 | D:7      | Reached XP level 9. HP: 75/79 MP: 11/11
  5032 | D:7      | Reached skill level 1 in Evocations
  5064 | D:7      | Reached skill level 11 in Axes
  5108 | D:7      | Noticed Joseph
  5606 | D:7      | Killed Joseph
  5607 | D:7      | Reached skill level 12 in Axes
  5820 | D:8      | Noticed a komodo dragon
  5820 | D:8      | Noticed Psyche
  5820 | D:8      | Found a staircase to the Lair.
  5924 | D:8      | Reached skill level 1 in Stealth
  6013 | D:8      | Slain by a komodo dragon

Illustrated notes

Levels and vault maps discovered:
D:1:      amcnicky_arrival_choice, layout_loops_ring,
          dilly_ecumenical_altar_fadedgnrine, minmay_liquid_box,
          nicolae_figureground_pulse
D:2:      minmay_wonky_spiral, layout_basic, kennysheep_donut
D:3:      layout_basic, gammafunk_ghost_split, dk_noncrumbling_2,
          guppyfry_early_lair_pool
D:4:      layout_cave_pools, chequers_temple_overflow_statue_of_worship,
          uniq_ijyb
D:5:      layout_basic, amcnicky_altar_gilded, old_standard_altar,
          minmay_temple_entry_poolview, chequers_serial_rivers_micro_d,
          minmay_manual_macuahuitl
D:6:      layout_rooms, kennysheep_mini_moat,
          mainiacjoe_overflow_surrounded_room
D:7:      layout_basic, uniq_joseph
D:8:      layout_cave_pods, david_lair_shrubbed, serial_shops, shop, uniq_psyche
Temple:   compressed_dpeg_triangle_lava_temple

Skill      XL: |  1  2  3  4  5  6  7  8  9 |
---------------+----------------------------+-----
Axes           | 5 6 7 8 10 12 | 12.5
Armour         | 1 2 3 4 |  4.7
Dodging        | 2 3 4 |  4.8
Fighting       | 3 5 7 9 |  9.9
Evocations     | 1 |  1.2
Stealth        | 1 |  1.0
Spellcasting   | |  1.6
Conjurations   | |  3.4

Action                     |  1- 3 |  4- 6 |  7- 9 || total
---------------------------+-------+-------+-------++-------
  Melee: Hand axe          |    56 |       |       ||    56
         War axe           |    45 |   124 |   255 ||   424
         Punch             |       |       |     3 ||     3
         Battleaxe         |       |       |    28 ||    28
  Evoke: Wand              |       |       |     6 ||     6
    Use: Scroll            |       |       |    18 ||    18
         Potion            |       |       |     1 ||     1
 Armour: Leather armour    |    18 |    10 |    45 ||    73
  Dodge: Dodged            |    82 |   111 |   225 ||   418

Table legend: (Time is in decaauts)
 A = Elapsed time spent in this place.
 B = Non-inter-level travel time spent in this place.
 C = Inter-level travel time spent in this place.
 D = Time resting spent in this place.
 E = Time spent auto-exploring this place.
 F = Levels seen in this place.
 G = Mean time per level.
                   A        B        C        D        E       F      G
               +--------+--------+--------+--------+--------+-----+--------+
         Total |   6058 |   5837 |    221 |    317 |   3554 |   9 |  673.1 |
       Dungeon |   5583 |   5362 |    221 |    217 |   3272 |   8 |  697.9 |
        Temple |    474 |    474 |      0 |    100 |    282 |   1 |  474.0 |
               +--------+--------+--------+--------+--------+-----+--------+

Top non-repeatable levels by time:
     D:7: 989 daAuts
     D:1: 880 daAuts
     D:2: 863 daAuts
     D:5: 747 daAuts
     D:6: 746 daAuts
     D:3: 740 daAuts
     D:4: 475 daAuts
  Temple: 474 daAuts
     D:8: 141 daAuts
